Cogmind - Beta 13 X1 @@@ ROGUE MODE // 2023.09.24 @ 17:58:30 Player: Decinym Result: Core destroyed Performance ------------- Evolutions (0) 0 Regions Visited (3) 600 Robots Destroyed (31) 155 Value Destroyed (824) 824 Prototype IDs (0) 0 Alien Tech Used (0) 0 Bonus (-273) -273 TOTAL SCORE: 1306 Bonus ------- Friendly Fire -273 Cogmind --------- Core Integrity 0/250 Matter 300/300 Energy 261/265 System Corruption 0% Temperature Cool (2) Movement Treading (160) Location -10/Subcaves Parts ------- > --- POWER (1) -------- Improved Ion Engine > --- PROPULSION (2) --- Light Treads Light Treads > --- UTILITY (2) ------ Large Storage Unit Structural Scanner > --- WEAPON (2) ------- Subdweller Laser Subdweller Beam Cannon > --- INVENTORY (15) --- Ion Engine Improved Ion Engine Light Angular Momentum Engine Aluminum Leg Aluminum Leg Heat Sink Huge Storage Unit Core Shielding Light Armor Plating Scrap Shield Hacking Suite Small Laser Subdweller Machine Gun Subdweller Machine Gun Peak State ------------ > --- POWER ------------ Improved Ion Engine > --- PROPULSION ------- Light Treads Light Treads > --- UTILITY ---------- Large Storage Unit Light Armor Plating > --- WEAPON ----------- Beam Rifle Subdweller Machine Gun > --- INVENTORY -------- Ion Engine Improved Ion Engine Light Angular Momentum Engine Aluminum Leg Aluminum Leg Wheel Wheel Heat Sink Huge Storage Unit Core Shielding Hacking Suite Small Laser Light Assault Rifle Light Assault Rifle [Rating: 12] Favorites ----------- Power Ion Engine Engine Ion Engine Propulsion Light Treads Treads Light Treads Leg Aluminum Leg Utility Large Storage Unit Device Heat Sink Storage Large Storage Unit Protection Light Armor Plating Weapon Medium Laser Energy Gun Medium Laser Energy Cannon Subdweller Beam Cannon Ballistic Gun Light Assault Rifle Build | -11 -10 -10 -10 ------- Run | Jun Mat Min Sub Slots Evolved . | . . . . Power . | . . . . Propulsion . | . . . . Utility . | . . . . Weapon . | . . . . Parts Attached 21 | . 12 2 7 Power 4 | . 3 1 . Engine 4 | . 3 1 . Core . | . . . . Reactor . | . . . . Propulsion 3 | . 2 . 1 Treads 3 | . 2 . 1 Leg . | . . . . Wheel . | . . . . Hover . | . . . . Flight . | . . . . Utility 5 | . 3 . 2 Device 2 | . 1 . 1 Storage 1 | . 1 . . Processor . | . . . . Hackware . | . . . . Protection 2 | . 1 . 1 Artifact . | . . . . Weapon 9 | . 4 1 4 Energy Gun 4 | . 2 1 1 Energy Cannon 1 | . . . 1 Ballistic Gun 4 | . 2 . 2 Ballistic Cannon . | . . . . Launcher . | . . . . Special Weapon . | . . . . Impact Weapon . | . . . . Slashing Weapon . | . . . . Piercing Weapon . | . . . . Special Melee Weapon . | . . . . Unidentified Prototypes . | . . . . Parts Lost 7 | . 6 . 1 Power 1 | . 1 . . Propulsion 3 | . 2 . 1 Utility 1 | . 1 . . Weapon 2 | . 2 . . Highest Loss Streak 5 | . 5 . 1 To Critical Strikes . | . . . . Average Slot Usage (%) 99 | . 98 100 99 Engine 13 | . 13 14 14 Treads 25 | . 22 28 28 Leg 2 | . 4 . . Device 9 | . 11 14 7 Storage 14 | . 14 14 14 Protection 3 | . 2 . 6 Energy Gun 15 | . 18 14 13 Energy Cannon 2 | . . . 6 Ballistic Gun 9 | . 9 14 7 Naked Turns . | . . . . Heaviest Build 40 | 12 30 32 40 Greatest Support 40 | 20 40 40 40 Greatest Overweight (x) 1 | . 1 . . Average Overweight (x) . | . . . . Largest Inventory Capacity 15 | . 15 15 15 Average Capacity 14 | . 14 15 15 Most Carried 15 | . 13 15 15 Average Carried 12 | . 9 12 14 Final Capacity 15 | 8 15 15 15 Final Carried 15 | 6 12 15 15 Class Distribution -------------------- 72% | Mutant 26% | Scavenger-Mutant Dominant Class ---------------- Mutant | -10/Materials Mutant | -10/Mines Scavenger-Mutant | -10/Subcaves Resources | -11 -10 -10 -10 ----------- Run | Jun Mat Min Sub Matter Collected 503 | 200 164 33 106 Remotely . | . . . . Salvage Created 1271 | . 793 54 424 Parts 87 | . 46 1 40 Haulers Intercepted 1 | . 1 . . Recyclers Shooed 2 | . . 2 . Parts Field Recycled . | . . . . Retrieved Matter . | . . . . Parts Self-Destructed 9 | . . . 9 Prevented . | . . . . Kills | -11 -10 -10 -10 ------- Run | Jun Mat Min Sub Combat Hostiles Destroyed 26 | . 20 . 6 Guns 23 | . 19 . 4 Cannons 2 | . . . 2 Classes Destroyed 8 | . 6 . 2 Worker 1 | . 1 . . Hauler 1 | . 1 . . Operator 1 | . 1 . . Watcher 1 | . 1 . . Swarmer 6 | . 6 . . Grunt 14 | . 14 . . Artisan 1 | . . . 1 Subdweller 6 | . . . 6 Thug 1 | . . 1 . Best Kill Streak 4 | . 4 . 2 Combat Bots Only 4 | . 4 . 2 Max Kills in Single Turn 2 | . 2 1 1 Gunslinging 1 | . 1 . . Exploded . | . . . . Melee . | . . . . Uniques/NPCs Destroyed . | . . . . Combat | -11 -10 -10 -10 -------- Run | Jun Mat Min Sub Damage Taken 1327 | . 1088 . 239 Core 252 | . 182 . 70 Absorbed by Shields . | . . . . Regen/Repaired (Parts) 67 | . 67 . . Core Remaining (%) 100 | 100 . . . Volleys Fired 126 | . 77 14 35 Largest 2 | . 2 2 2 Hottest 140 | . 100 76 140 Shots Fired 252 | . 154 28 70 Gun 246 | . 154 28 64 Cannon 6 | . . . 6 Launcher . | . . . . Special . | . . . . Kinetic 111 | . 68 14 29 Thermal 141 | . 86 14 41 Explosive . | . . . . Electromagnetic . | . . . . Robot Hit Streak 16 | . 11 11 16 Robot Miss Streak 4 | . 4 3 1 Penetration Max . | . . . . Secondary Targets 5 | . 4 . 1 Max Gunslinging Chain 1 | . 1 . 1 Shots Hit Robots 160 | . 101 19 40 Core Hits 63 | . 40 7 16 Critical Kills 1 | . . . 1 Critical Parts Destroyed 1 | . . 1 . Critical Strikes 12 | . 6 2 4 Burn 10 | . 6 1 3 Destroy 2 | . . 1 1 Melee Attacks . | . . . . Impact . | . . . . Slashing . | . . . . Piercing . | . . . . Sneak Attacks . | . . . . Combat Hostiles . | . . . . Follow-up Attacks . | . . . . Damage Inflicted 1907 | . 1102 235 570 Guns 1839 | . 1101 221 517 Cannons 53 | . . . 53 Explosions . | . . . . Melee . | . . . . Ramming 15 | . 1 14 . Kinetic 641 | . 364 67 210 Thermal 1251 | . 737 154 360 Explosive . | . . . . Electromagnetic . | . . . . Impact . | . . . . Slashing . | . . . . Piercing . | . . . . Highest Corruption . | . . . . Average Corruption . | . . . . Corruption Purged . | . . . . Corruption Blocked . | . . . . Overload Shots . | . . . . Overflow Damage . | . . . . Projectiles . | . . . . Explosions . | . . . . Melee . | . . . . Knockbacks . | . . . . Impact . | . . . . Kinetic . | . . . . Secondary . | . . . . Self-Inflicted Damage . | . . . . Shots . | . . . . Rammed 2 | . 1 1 . Targets Rammed 3 | . 2 1 . Kicked 1 | . 1 . . Crushed . | . . . . Highest Temperature 112 | . 112 20 21 Average Temperature 24 | . 30 9 7 Received Heat Transfer 501 | . 489 . 12 Siege Activations . | . . . . Robots Corrupted . | . . . . Combat Hostiles . | . . . . Parts Fried . | . . . . Impact Corruptions . | . . . . Robots Melted 1 | . 1 . . Combat Hostiles 1 | . 1 . . Parts Melted 8 | . 8 . . Heat Transferred 4206 | . 2627 518 1061 Parts Sabotaged . | . . . . Parts Stolen . | . . . . Parts Stripped . | . . . . Power Chain Reactions . | . . . . Missiles Intercepted . | . . . . Alert | -11 -10 -10 -10 ------- Run | Jun Mat Min Sub Peak Influence 301 | . 301 124 . Initial 109 | . . 109 . Average 122 | . 124 114 . Maximum Alert Level 1 | . 1 . . Low Security (%) 80 | . 74 100 . Level 1 19 | . 25 . . Level 2 . | . . . . Level 3 . | . . . . Level 4 . | . . . . Level 5 . | . . . . High Security . | . . . . Max Security . | . . . . Squads Dispatched 6 | . 6 . . Investigation 3 | . 3 . . Extermination . | . . . . Reinforcement 3 | . 3 . . Assault . | . . . . Garrison . | . . . . Intercept . | . . . . Searches Triggered . | . . . . Construction Impeded . | . . . . Haulers Reinforced . | . . . . Active Scanning Responses . | . . . . Cargo Convoy Interrupts . | . . . . Stealth | -11 -10 -10 -10 --------- Run | Jun Mat Min Sub Distress Signals 1 | . 1 . . Communications Jammed . | . . . . Distress Signals . | . . . . Times Spotted 36 | . 29 1 6 Peak Tracking Total 7 | . 7 2 2 Tactical Retreats 1 | . 1 . . Traps | -11 -10 -10 -10 ------- Run | Jun Mat Min Sub Traps Triggered 4 | . 3 . 1 Indirectly . | . . . . Trap Hack Attempts . | . . . . Triggered . | . . . . Disarmed . | . . . . Reprogrammed . | . . . . Reused . | . . . . Traps Extracted . | . . . . Installed . | . . . . Triggered . | . . . . Machines | -11 -10 -10 -10 ---------- Run | Jun Mat Min Sub Machines Disabled . | . . . . Max in Single Turn . | . . . . Machines Repaired . | . . . . Machines Sabotaged . | . . . . Overloaded Fab Kills . | . . . . Hacking | -11 -10 -10 -10 --------- Run | Jun Mat Min Sub Machines Accessed 5 | . 5 . . Terminals 4 | . 4 . . Fabricators . | . . . . Repair Stations 1 | . 1 . . Recycling Units . | . . . . Scanalyzers . | . . . . Garrison Access . | . . . . Total Hacks 12 | . 12 . . Successful 5 | . 5 . . Failed 7 | . 7 . . Catastrophic . | . . . . Database Lockouts . | . . . . Manual 9 | . 9 . . Terminals 9 | . 9 . . Fabricators . | . . . . Repair Stations 3 | . 3 . . Recycling Units . | . . . . Scanalyzers . | . . . . Garrison Access . | . . . . Terminal Hacks 3 | . 3 . . Unreport Threat 1 | . 1 . . Hauler Manifests 1 | . 1 . . Zone Layout 1 | . 1 . . Fabricator Hacks . | . . . . Repair Station Hacks 2 | . 2 . . Scan Component 1 | . 1 . . Repair 1 | . 1 . . Recycling Unit Hacks . | . . . . Scanalyzer . | . . . . Garrison Access Hacks . | . . . . Unauthorized Hacks . | . . . . Terminals . | . . . . Fabricators . | . . . . Repair Stations . | . . . . Recycling Units . | . . . . Scanalyzers . | . . . . Garrison Access . | . . . . Data Cores Recovered . | . . . . Used . | . . . . Hacking Detections 3 | . 3 . . Full Trace Events . | . . . . Feedback Events . | . . . . Feedback Blocked . | . . . . Robot Schematics Acquired . | . . . . Robots Built . | . . . . Authchips . | . . . . Time . | . . . . Total Robot Build Rating . | . . . . Part Schematics Acquired . | . . . . Parts Built . | . . . . Authchips . | . . . . Time . | . . . . Total Part Build Rating . | . . . . Parts Repaired 1 | . 1 . . Time 26 | . 26 . . Parts Recycled . | . . . . Recycled Matter . | . . . . Retrieved Matter . | . . . . Retrieved Components . | . . . . Parts Scanalyzed . | . . . . Part Schematics Acquired . | . . . . Parts Damaged . | . . . . Bothacking | -11 -10 -10 -10 ------------ Run | Jun Mat Min Sub Used RIF Installer . | . . . . Robots Hacked . | . . . . Non-combat . | . . . . Combat . | . . . . Robot Hacks Applied . | . . . . Relay Couplers Released . | . . . . Fabnet Peak Effective % . | . . . . Robots Rewired . | . . . . Allies Hacked . | . . . . Hacks Repelled . | . . . . Allies | -11 -10 -10 -10 -------- Run | Jun Mat Min Sub Total Allies . | . . . . Largest Group . | . . . . Highest-Rated Group . | . . . . Highest-Rated Ally . | . . . . Total Orders . | . . . . Ally Attacks . | . . . . Total Damage . | . . . . Kills . | . . . . Allies Corrupted . | . . . . Allies Melted . | . . . . Intel | -11 -10 -10 -10 ------- Run | Jun Mat Min Sub Robot Analysis Total . | . . . . Derelict Logs Recovered 1 | . . 1 . Drone Launches . | . . . . Drone Recoveries . | . . . . Exploration | -11 -10 -10 -10 ------------- Run | Jun Mat Min Sub Turns Passed 2303 | . 1058 304 941 Spaces Moved 1146 | 1 489 159 497 Core . | . . . . Treads 1067 | . 411 159 497 Legs 79 | 1 78 . . Wheels . | . . . . Hover . | . . . . Flight . | . . . . Fastest Speed 120 | 120 120 160 160 Average Speed 159 | 120 158 160 160 Slowest Speed 190 | 120 190 160 160 Overloaded Moves . | . . . . Propulsion Burnouts . | . . . . Robots Hopped . | . . . . Cave-ins Triggered . | . . . . Exploration Rate (%) 35 | 1 78 28 33 Regions Visited 3 Branch Regions 2 Pre-discovered Areas . | . . . . Known Exits Taken . | . . . . Unknown Exits Taken 3 | 1 1 1 . Scrap Searched . | . . . . Spaces Dug . | . . . . Terrain Destroyed . | . . . . Melee . | . . . . Projectile . | . . . . AOE . | . . . . Terrain Rammed . | . . . . Walls Destroyed . | . . . . Machines Disabled . | . . . . Actions | -11 -10 -10 -10 --------- Run | Jun Mat Min Sub Total 1389 | . 628 184 577 Wait 68 | . 39 . 29 Move 1143 | . 488 158 497 Hop . | . . . . Pick Up 16 | . 8 5 3 Fast Attach 8 | . 4 1 3 Attach 6 | . 5 . 1 Detach 1 | . 1 . . Swap 7 | . 3 1 3 Drop 11 | . 1 4 6 Fire 126 | . 77 14 35 Melee . | . . . . Ram . | . . . . Kick 1 | . 1 . . Crush 2 | . 1 1 . Escape Stasis . | . . . . Rewire . | . . . . Trap . | . . . . Miscellaneous . | . . . . Route ------- -11/Junkyard -10/Materials (discovered 5 exits: [*Mat x3] / [*Min x2]) -10/Mines -10/Subcaves (discovered 1 exit: [*Mat]) History --------- Turn | Location | Event 1 | -11/Junkyard | Discovered new exit (range 0) 1 | -11/Junkyard | Entered Materials 222 | -10/Materials | Lost 5 parts (1p2n1u1w) 236 | -10/Materials | Discovered new exit (range 9) 298 | -10/Materials | Repaired Lgt. Assault Rifle 319 | -10/Materials | Build established: Mutant 455 | -10/Materials | Discovered new exit (range 14) 485 | -10/Materials | Discovered new exit (range 13) 537 | -10/Materials | Core integrity fell below 50% 661 | -10/Materials | Discovered new exit (range 13) 744 | -10/Materials | Discovered new exit (range 12) 1059 | -10/Materials | Entered Mines 1114 | -10/Mines | Met a Derelict bent on vengeance 1179 | -10/Mines | Discovered new exit (range 8) 1214 | -10/Mines | Learned location of 1 exit from Materials 1251 | -10/Mines | Joined a pair of Derelicts in attacking an 0b10 outpost 1363 | -10/Mines | Entered Subcaves 1387 | -10/Subcaves | Discovered new exit (range 6) 1494 | -10/Subcaves | Core integrity fell below 20% 1565 | -10/Subcaves | Build established: Scavenger-Mutant 1808 | -10/Subcaves | Shifting Twisted Machinery released Sub. Beam Cannon 1846 | -10/Subcaves | Shifting Twisted Machinery released Sub. Laser 2157 | -10/Subcaves | Build established: Mutant 2304 | -10/Subcaves | Core destroyed Last Messages --------------- 01826_ Acquired 15 matter. 01829_ Acquired Structural Scanner. 01832_ Acquired 10 matter. Sub. Laser falls loose from the Twisted Machinery. 01857_ Dropped Beam Rifle. 01858_ Acquired Sub. Beam Cannon. 01869_ Dropped Lgt. Assault Rifle. 01870_ Acquired Sub. Laser. 02018_ Acquired 7 matter. 02021_ Acquired 10 matter. 02080_ Acquired 3 matter. 02249_ 0U-7V4(R) destroyed. 02256_ 49-X5Z(R) destroyed. 02265_ Dropped Wheel. 02266_ Acquired Scrap Shield. 02267_ Dropped Lgt. Assault Rifle. 02277_ Acquired Sub. Machine Gun. 02304_ Triggered Piercing Trap. 02304_ Spikes shoot up from the floor. 02304_ Critical hit (Impale). Map ----- +----------------------------------------------------+ | ???## ## ###### ########?????????????????? | | ???## ###### #########?????????????????? | | ???## #####% ###???????????????????????? | | ???## ## * ###????????????????????????? | | ???####### ############???????????????? | | ???####### #############??????????????? | | ??????#### ## ###??????????????? | | ??????## ##??????????????? | | ??????## ##### ##??????????????? | | ??????## ##### # ## # ###??????????????? | | ??????## #### ####### ###??????????????? | | ??????## ### ####### ##??????????????? | | ??????## ##???## ###??????????????? | | ??????## #####???### ##??????????????? | | ??????## ######???### ##??????????????? | | ??????## ########??????### ###??????????????? | | ??????## ########???????## ##??????????????? | | ??????### ###????????????## ##??????????????? | | ??????## ###?????????????## #######??????????? | | ?????? ## ## ?????????????### !######??????????? | | ?????? ## ????????????##==#&## ##??????????? | | ????## ### ?#############[&%=%!###??????????? | | ????## #### ############=###&&##???????????? | | ????## #####^ " ######## ##???????????? | | ????## ## """"# ### ##???????????? | | ????## @ """ ###???????????? | | ????# """ " " ###???????????? | | ????#### # # ## ### #"##" "" ###???????????? | | ????#### ##### ?##### ####### "##???????????? | | ??????## ?###????##########" ""##???????????? | | ??????### ???????????# #???###"""###???????????? | | ??????#### ??????????????????####""###???????????? | | ????????## ???????????????????### ""#????????????? | | ???????????????????????????????### "????????????? | | ???????????????????????????????### ????????????? | | ????????????????????????????????## ????????????? | | ?????????????????????????????????? ????????????? | | ?????????????????????????????????? #????????????? | | ?????????????????????????????????? ##????????????? | | ??????????????????????????????????###????????????? | | ?????????????????????????????????????????????????? | | ?????????????????????????????????????????????????? | | ?????????????????????????????????????????????????? | | ?????????????????????????????????????????????????? | | ?????????????????????????????????????????????????? | | ?????????????????????????????????????????????????? | | ?????????????????????????????????????????????????? | | ?????????????????????????????????????????????????? | | ?????????????????????????????????????????????????? | | ?????????????????????????????????????????????????? | +----------------------------------------------------+ Best States ------------- Heat Dissipation 35 Energy Generation 12 Energy Capacity 265 Matter Stores 300 Matter Capacity 300 Sight Range 16 Terrain Scan Density 10 Armor Coverage 150 Evasion (%) 55 Recoil Reduction 2 Item Schematics ----------------- None Robot Schematics ------------------ None Fabricated ------------ Nothing Alien Tech Used ----------------- None Achievements -------------- None Challenges ------------ None Game ------ Seed MassMakeshiftSpear Manual? 0 Play Time 00:13:34 Cumulative 354.5 hours Start 2023.09.24 @ 17:48:23 End 2023.09.24 @ 17:58:30 Sessions 1 Manual Loads 0 Difficulty Rogue Special Mode None Game No. 373 Rogue 373 Adventurer 0 Explorer 0 Win Type - Total 29 Types 16/3/4/1/2/0/3/0/0 Lore% 86 Gallery% 86 Achievement% 82 Wizard Run 0 Options --------- ASCII 0 Keyboard 0 Movement Arrows Keybinds 0 Fullscreen 2 Font 24/Smallcaps Map View 76x50 Tactical HUD 1 Map Filters NONE Filters NONE Steam 1 RUN: 26b30c24-c230-4a97-bba8-3afcbc7a8328